 Dungeon Crawl Stone Soup version 0.22-a0-538-g76cc104 (webtiles) character file.

1332 kae the Insei (level 8, -9/56 HPs)
             Began as a Demonspawn Transmuter on June 23, 2018.
             Was an Initiate of Okawaru.
             Killed by divine providence
             ... invoked by an orc priest
              (15 damage)
             ... on level 7 of the Dungeon.
             The game lasted 00:11:49 (10948 turns).

kae the Insei (Demonspawn Transmuter)              Turns: 10948, Time: 00:11:50

Health: -9/56      AC:  2    Str: 10    XL:     8   Next: 34%
Magic:  9/11       EV: 22    Int: 16    God:    Okawaru [......]
Gold:   358        SH:  0    Dex: 20    Spells: 5/11 levels left

rFire    . . .     SeeInvis .     - Unarmed
rCold    . . .     Gourm    .   (shield currently unavailable)
rNeg     . . .     Faith    .   (armour currently unavailable)
rPois    x         Spirit   .   (helmet currently unavailable)
rElec    .         Reflect  .   (cloak currently unavailable)
rCorr    .         Harm     .   (gloves currently unavailable)
MR       +....                  (boots currently unavailable)
Stlth    +++.......             (no amulet)
HPRegen  0.18/turn              h - ring of stealth
MPRegen  0.12/turn              (no ring)

@: spider-form (expiring)
A: tiny, repulsion field 2, magic resistance 1, mutation resistance 1
a: End Transformation, Renounce Religion


You were on level 7 of the Dungeon.
You worshipped Okawaru.
Okawaru was noncommittal.
You were not hungry.
You were a venomous arachnid creature.
You visited 2 branches of the dungeon, and saw 8 of its levels.

You collected 358 gold pieces.

Inventory:

Hand Weapons
 m - a +3 mace of protection (melded)
Missiles
 a - 106 arrows
Armour
 b - a +0 robe (melded)
 p - a +0 helmet
 q - a +1 buckler (melded)
 w - a +0 cloak (melded)
Jewellery
 e - an uncursed ring of positive energy {unknown}
 h - a ring of stealth (left front leg)
 n - an uncursed ring of positive energy {unknown}
 s - an uncursed ring of protection from cold {unknown}
 v - an uncursed ring of protection from cold {unknown}
Scrolls
 g - a scroll of magic mapping
 i - a scroll of fog
 j - 2 scrolls of teleportation
 o - 6 scrolls of identify
 r - 6 scrolls of remove curse
Potions
 c - 3 potions of heal wounds
 k - a potion of curing
 t - a potion of magic
Comestibles
 d - 5 rations
 f - 3 chunks of flesh


   Skills:
 + Level 2.3 Fighting
 - Level 1.7 Dodging
 + Level 1.3 Shields
 * Level 7.6 Unarmed Combat
 - Level 2.0 Spellcasting
 + Level 5.2 Transmutations
 + Level 2.7 Invocations


You had 5 spell levels left.
You knew the following spells:

 Your Spells              Type           Power        Failure   Level  Hunger
a - Beastly Appendage     Tmut           ###...       10%         1    #......
b - Sticks to Snakes      Tmut           ###.....     12%         2    ###....
c - Spider Form           Tmut/Pois      #.........   43%         3    ###....

Your spell library contained the following spells:

 Spells                   Type           Power        Failure   Level  Hunger
 Magic Dart               Conj           #...         41%         1    #......
 Summon Small Mammal      Summ           #...         41%         1    #......
 Iskenderun's Mystic Bla  Conj           #.......     97%         4    #####..
 Summon Ice Beast         Ice/Summ       #.......     97%         4    #####..
 Call Imp                 Summ           #.......     52%         2    ###....
 Blade Hands              Tmut           ###.......   77%         5    ######.
 Ice Form                 Ice/Tmut       #.......     77%         4    #####..
 Call Canine Familiar     Summ           #.......     73%         3    ###....
 Fulminant Prism          Conj/Hex       #.........   97%         4    #####..
 Dazzling Spray           Conj/Hex       #.....       73%         3    ###....
 Force Lance              Conj/Tloc      #.......     97%         4    #####..
 Searing Ray              Conj           #.....       52%         2    ###....
 Summon Lightning Spire   Summ/Air       #.......     97%         4    #####..
 Summon Guardian Golem    Hex/Summ       #.......     73%         3    ###....


Dungeon Overview and Level Annotations

Branches:
Dungeon (7/15)             Temple (1/1) D:4

Altars:
Ashenzari
Cheibriados
Dithmenos
Elyvilon
Fedhas
Gozag
Hepliaklqana
Kikubaaqudgha
Makhleb
Nemelex Xobeh
Okawaru
Qazlal
Ru
Sif Muna
Trog
Uskayaw
Vehumet
Wu Jian
Xom
Yredelemnul
Zin
The Shining One

Annotations:
D:5 Prince Ribbit, Sigmund


Innate Abilities, Weirdness & Mutations

((You have a pair of antennae on your head.))
You are surrounded by a moderate repulsion field. (EV +3)
((Your flesh is cold resistant. (rC+)))
You are resistant to hostile enchantments. (MR+)
You are somewhat resistant to further mutation.


Message History

You hit the orc warrior.
The orc warrior is heavily wounded.
You hit the orc warrior but do no damage.
The orc warrior is heavily wounded.
Your transformation is almost over.
The orc priest invokes the aid of Beogh against you.
Beogh smites you! The orc warrior barely misses you.
You hear a shout!
You are too injured to fight recklessly!
You are too injured to fight recklessly!
You barely miss the orc warrior.
The orc warrior is heavily wounded.
The orc warrior hits you with a battleaxe!!
* * * LOW HITPOINT WARNING * * *
You hit the orc warrior but do no damage.
The orc warrior looks as sick as possible!
The orc warrior is heavily wounded.
The orc priest mumbles some strange prayers to Beogh against you.
Beogh smites you!
You die...

#.#.....5 #
#.#......
#.#+###'#......
#..............
#.....?......
#..........
#.......o#
#.....o.o###########
#.#+###+#s.........#
#..........#
#..........#
#..........######
....................
####..>.......######
#..........#
#.........<#
#..........#


You could see an orc warrior, an orc priest and an orc.

Vanquished Creatures
  A centaur (D:6)
  A bullfrog (D:6)
  A gnoll sergeant (D:3)
  A scorpion (D:6)
  A crimson imp (D:6)
  3 hounds
  Crazy Yiuf (D:5)
  A centaur skeleton (D:7)
  A jelly (D:6)
  An orc wizard (D:6)
  A gnoll shaman (D:3)
  Jessica (D:3)
  2 worker ants
  Terence (D:2)
  A hound zombie (D:5)
  2 worker ant zombies (D:6)
  45 gnolls
  9 adders
  3 oozes
  An adder skeleton (D:5)
  3 worms
  3 dart slugs (D:1)
  4 leopard geckos
  11 orcs
  A ball python (D:2)
  5 giant cockroaches
  5 goblins
  9 hobgoblins
  17 jackals
  11 kobolds
  A quokka (D:5)
  5 bats
  5 frilled lizards
  A quokka skeleton (D:6)
  4 rats
163 creatures vanquished.

Vanquished Creatures (collateral kills)
  2 adders (D:2)
  A leopard gecko (D:2)
  A ball python (D:1)
  A kobold (D:2)
  A quokka (D:2)
  A rat (D:2)
7 creatures vanquished.

Grand Total: 170 creatures vanquished

Notes
Turn   | Place    | Note
-------+----------+-------------------------------------------
     0 | D:1      | kae the Demonspawn Transmuter began the quest for the Orb.
     0 | D:1      | Reached XP level 1. HP: 15/15 MP: 3/3
   204 | D:1      | Reached skill level 3 in Unarmed Combat
   287 | D:1      | Gained mutation: You are surrounded by a mild repulsion field. (EV +2) [demonic ancestry]
   287 | D:1      | Reached XP level 2. HP: 15/21 MP: 5/5
   364 | D:1      | Learned a level 2 spell: Sticks to Snakes
   916 | D:1      | HP: 1/21 [dart slug/slug dart (6)]
  1594 | D:1      | Reached XP level 3. HP: 18/26 MP: 6/6
  1695 | D:1      | Learned a level 3 spell: Spider Form
  1789 | D:2      | Noticed Terence
  2314 | D:2      | Reached skill level 4 in Unarmed Combat
  2314 | D:2      | Gained mutation: Your flesh is cold resistant. (rC+) [demonic ancestry]
  2314 | D:2      | Reached XP level 4. HP: 32/32 MP: 2/7
  3842 | D:3      | Gained mutation: You have a pair of small antennae on your head. [demonic ancestry]
  3842 | D:3      | Reached XP level 5. HP: 37/37 MP: 1/8
  4148 | D:3      | Noticed Jessica
  4157 | D:3      | Killed Jessica
  4816 | D:3      | Reached skill level 5 in Unarmed Combat
  5101 | D:4      | Gained mutation: You have a pair of antennae on your head. [demonic ancestry]
  5101 | D:4      | Reached XP level 6. HP: 22/43 MP: 5/9
  5901 | D:3      | Reached skill level 6 in Unarmed Combat
  6044 | D:2      | Killed Terence
  6166 | D:3      | Reached XP level 7. HP: 42/48 MP: 7/10
  7457 | D:4      | Found a staircase to the Ecumenical Temple.
  7509 | Temple   | Entered the Ecumenical Temple
  7556 | Temple   | Became a worshipper of Warmaster Okawaru
  7655 | D:4      | Reached skill level 7 in Unarmed Combat
  7981 | D:4      | Found a sparkling altar of Nemelex Xobeh.
  8321 | D:5      | Entered Level 5 of the Dungeon
  8829 | D:5      | Reached skill level 1 in Invocations
  9136 | D:5      | Found a runed door.
  9200 | D:5      | Noticed Sigmund
  9374 | D:5      | Noticed Prince Ribbit
  9504 | D:5      | Noticed Crazy Yiuf
  9509 | D:5      | Killed Crazy Yiuf
  9804 | D:6      | Gained mutation: You are surrounded by a moderate repulsion field. (EV +3) [demonic ancestry]
  9804 | D:6      | Reached XP level 8. HP: 47/54 MP: 11/11
  9872 | D:6      | Reached skill level 5 in Transmutations
  9993 | D:6      | Found a white marble altar of Elyvilon.
 10172 | D:6      | Reached skill level 1 in Shields
 10368 | D:6      | Gained mutation: You are resistant to hostile enchantments. (MR+) [potion of mutation]
 10368 | D:6      | Gained mutation: You are somewhat resistant to further mutation. [potion of mutation]
 10948 | D:7      | Killed from afar by an orc priest

Vault maps used:
D:1:      minmay_arrival_radiant_lines, serial_forest,
          infiniplex_forest_clump_small, infiniplex_forest_straight_5,
          infiniplex_forest_lined_2, infiniplex_forest_straight_2,
          infiniplex_forest_lined_room_3, infiniplex_forest_lined_room_2,
          infiniplex_forest_clump_small, corexii_hall_statues_x,
          minmay_pentomino_t4
D:2:      first_ration, serial_bayou_pond_b, uniq_terence
D:3:      lemuel_castle_with_subvaults, minmay_crystal_water, uniq_jessica
D:4:      nemelex_xobeh_ov_fountains_minmay, minmay_temple_entry_trees
D:5:      hex_large, eino_small_chamber_without_monster,
          uniq_crazy_yiuf_cottage, uniq_sigmund, uniq_prince_ribbit1
D:6:      elyvilon_altar_3
Temple:   nicolae_temple_the_god_donut

Skill      XL: |  1  2  3  4  5  6  7  8 |
---------------+-------------------------+-----
Unarmed Combat | 3 4 5 6 7 |  7.6
Transmutations | 2 3 4 5 |  5.2
Invocations    | 1 2 |  2.7
Fighting       | 2 |  2.3
Shields        | 1 |  1.3
Dodging        | |  1.7
Spellcasting   | |  2.0

Action                   |  1- 3 |  4- 6 |  7- 9 || total
-------------------------+-------+-------+-------++-------
Melee: Unarmed           |    86 |    98 |   149 ||   333
       Kick              |     7 |     6 |     1 ||    14
       Headbutt          |     3 |       |       ||     3
       Mace              |    74 |   191 |   107 ||   372
       Punch             |     2 |     2 |     2 ||     6
 Cast: Beastly Appendage |    13 |     8 |     1 ||    22
       Sticks to Snakes  |     4 |     3 |       ||     7
       Spider Form       |     1 |    19 |    30 ||    50
  Use: Scroll            |       |     6 |     5 ||    11
       Potion            |       |     7 |     5 ||    12
 Stab: Sleeping          |     1 |     5 |     9 ||    15
       Invisible         |       |     5 |       ||     5
  Eat: Chunk             |     5 |    10 |    17 ||    32
       Ration            |       |     2 |     1 ||     3
Armor: Robe              |    34 |    84 |    38 ||   156
       Skin              |       |   123 |     2 ||   125
Dodge: Dodged            |   120 |   336 |   191 ||   647
Block: Buckler           |       |       |    14 ||    14

Table legend:
 A = Spawn XP
 B = Non-spawn XP
 C = Spawn XP percentage of total XP
 D = Spawn monster count
 E = Non-spawn monster count
 F = Spawn count percentage of total count
 G = Total turns spent on level
                    A         B        C        D         E        F      G
               +---------+---------+-------+---------+---------+-------+---------
         Total |       0 |    1903 |   0.0 |       0 |     170 |   0.0 | 10948
               +---------+---------+-------+---------+---------+-------+---------
           D:1 |       0 |      46 |   0.0 |       0 |      19 |   0.0 |  2245
           D:2 |       0 |     187 |   0.0 |       0 |      42 |   0.0 |  2063
           D:3 |       0 |     828 |   0.0 |       0 |      69 |   0.0 |  2942
           D:4 |       0 |     118 |   0.0 |       0 |       9 |   0.0 |  1002
           D:5 |       0 |     187 |   0.0 |       0 |      13 |   0.0 |  1411
           D:6 |       0 |     474 |   0.0 |       0 |      13 |   0.0 |  1117
           D:7 |       0 |      63 |   0.0 |       0 |       5 |   0.0 |    99
               +---------+---------+-------+---------+---------+-------+---------
